 Dungeon Sprint DCSS version 0.29-a0-468-ge57f7f99b4 (webtiles) character file.

Game seed: 9289270979359450993

25918 mhtbhm the Executioner (level 13, -4/192 HPs)
             Began as a Hill Orc Fighter on May 21, 2022.
             Was the Champion of Trog.
             Slain by an iron golem (13 damage)
             ... in the Dungeon (Sprint III: "The Ten Rune Challenge").
             The game lasted 00:09:17 (3964 turns).

mhtbhm the Executioner (Hill Orc Fighter)           Turns: 3964, Time: 00:09:18

Health: -4/192     AC: 12    Str: 24    XL:     13   Next: 22%
Magic:  13/13      EV: 16    Int: 11    God:    Trog [******]
Gold:   2726       SH: 15    Dex: 15    Spells: 12/12 levels left

rFire   + . .      SeeInvis .   a - +8 broad axe (vorpal)
rCold   + . .      Faith    .   c - +2 kite shield {reflect}
rNeg    + . .      Spirit   .   b - +3 troll leather armour {Snorg}
rPois   .          Reflect  +   v - +2 hat {Int+3}
rElec   .          Harm     .   (no cloak)
rCorr   .          Rampage  .   (no gloves)
Will    .....      NoTele   +   z - +0 pair of boots
Stlth   ..........              x - macabre finger necklace {rN+}
HPRegen 1.22/turn               A - ring "Xidghiad" {rF+ rC+ Dex+5 Stlth+}
MPRegen 0.13/turn               (no ring)
                                (no ring)

@: berserking, unable to read, very quick
A: frail 1, inability to read while threatened, sturdy frame 1
a: Renounce Religion, Berserk, Trog's Hand, Brothers in Arms


You were in the Dungeon.
You worshipped Trog.
Trog was exalted by your worship.
You visited 1 branch You collected 3836 gold pieces.
You spent 1110 gold pieces at shops.

Inventory:

Hand Weapons
 a - a +8 vorpal broad axe (weapon)
 g - a +0 war axe of holy wrath
 j - a +9 vorpal executioner's axe
 B - the +8 battleaxe of Etanie {vorpal, Fly rF+ Int+4 Dex+3}
   (You found it in the Dungeon)

   It inflicts extra damage upon your enemies.
   Int:       It affects your intelligence (+4).
   Dex:       It affects your dexterity (+3).
   rF:        It protects you from fire.
   Fly:       It grants you flight.
Missiles
 f - 7 curare-tipped darts (quivered)
 i - 7 javelins
 k - 3 poisoned darts
Armour
 b - a +3 troll leather armour (worn) {Snorg}
 c - a +2 kite shield of reflection (worn)
 v - a +2 hat of intelligence (worn)
 z - a +0 pair of boots (worn)
Jewellery
 x - the macabre finger necklace (around neck) {rN+}
   (You bought it in a shop in the Dungeon)

   [amulet of nothing]

   It enables you to equip an extra ring.
   rN:        It protects you from negative energy.
 A - the ring "Xidghiad" (left hand) {rF+ rC+ Dex+5 Stlth+}
   (You found it in the Dungeon)

   [ring of protection from cold]

   Dex:       It affects your dexterity (+5).
   rF:        It protects you from fire.
   rC:        It protects you from cold.
   Stlth:     It makes you more stealthy.
Wands
 l - a wand of polymorph (17)
Scrolls
 m - 2 scrolls of poison
 n - a scroll of enchant weapon
 q - a scroll of immolation
 w - a scroll of blinking
 y - a scroll of magic mapping
Potions
 e - 2 potions of curing
 h - 2 potions of magic
 o - 2 potions of attraction
 p - a potion of lignification
 r - a potion of flight {unknown}
 s - a potion of resistance {unknown}
 t - a potion of heal wounds
 u - a potion of might
Miscellaneous
 d - a box of beasts


   Skills:
 + Level 21.3 Fighting
 + Level 24.8 Axes
 + Level 3.7 Throwing
 + Level 12.3 Armour
 + Level 9.8 Dodging
 + Level 5.8 Stealth
 + Level 14.9 Shields
 + Level 1.9 Unarmed Combat
 + Level 2.3 Evocations


You had 12 spell levels left.
You didn't know any spells.
Your spell library was empty.

Dungeon Overview and Level Annotations

Branches:
Dungeon (1/1)

Altars:
Cheibriados
Dithmenos
Elyvilon
Fedhas
Gozag
Hepliaklqana
Kikubaaqudgha
Makhleb
Nemelex Xobeh
Okawaru
Qazlal
Ru
Sif Muna
Trog
Uskayaw
Vehumet
Wu Jian
Xom
Yredelemnul
Zin
The Shining One
Beogh
Jiyva
Lugonu

Shops:
D [?*[!:(=:*(:


Innate Abilities, Weirdness & Mutations

You are frail. (-10% HP)
You sometimes lose the ability to read scrolls when taking damage.
Your movements are slightly less encumbered by armour. (ER -2)


Message History

You are too injured to fight recklessly!
You are too injured to fight recklessly!
You are too injured to fight recklessly!
You are too injured to fight recklessly!
You are too injured to fight recklessly!
You feel much better. You block the iron golem's attack.
The iron golem hits you.
Unknown command.
Your cyclops goes berserk!
You block the iron golem's attack. The iron golem closely misses you.
Unknown command.
Unknown command.
A red film seems to cover your vision as you go berserk!
You feel yourself moving faster!
You feel mighty! You block the iron golem's attack. The iron golem hits you!
You slash the iron golem!
The iron golem is moderately damaged.
The iron golem barely misses you. You block the iron golem's attack.
You hit the iron golem but do no damage.
The iron golem is moderately damaged.
You slice the iron golem!!
The iron golem is moderately damaged.
You block the iron golem's attack. The iron golem hits you!!!
You hit the iron golem but do no damage.
The iron golem is moderately damaged.
Your cyclops hits the iron golem!!
You hit the iron golem but do no damage.
The iron golem is heavily damaged.
The iron golem hits you!!!
* * * LOW HITPOINT WARNING * * *
The iron golem hits you!!
* * * LOW HITPOINT WARNING * * *
You slice the iron golem!!
The iron golem is heavily damaged.
Your cyclops hits the iron golem!!!
You catch the helpless iron golem completely off-guard!
You slice the iron golem!!
The iron golem is almost destroyed.
The iron golem barely misses you. The iron golem hits you!
You die...

⌠∩.#.#.#.#.'..#......#
∩∩.#.....#.#..#......#
∩∩.#....)#.#..#......#
...#.#.#)'.#..#......#
'###..#..#.#[.#......#
.⌠.#)....###########'#
...####### ######.#
...# #.9#≈≈.# ...#
#C@#≈≈.# ...# #..')..#
#### +..#≈≈.# #..#≈≈.#
#..#≈≈.# ▓▓▓▓▓▓▓▓


You could see an iron golem (ally target) and a friendly cyclops (summoned,
berserk).

Vanquished Creatures
  Gastronok (D)
  Donald (D)
  2 dire elephants (D)
  Snorg (D)
  A fire dragon (D)
  A yaktaur captain (D)
  2 centaur warriors (D)
  4 dancing weapons (D)
  4 death yaks (D)
  3 orc high priests (D)
  Urug (D)
  A skeletal warrior (D)
  An obsidian statue (D)
  A lindwurm (D)
  3 ugly things (D)
  A deep elf pyromancer (D)
  2 elephants (D)
  2 black mambas (D)
  2 cane toads (D)
  An unseen horror (D)
  A komodo dragon (D)
  A rime drake (D)
  2 tyrant leeches (D)
  4 spriggan defenders (D)
  2 slime creatures (D)
  8 blink frogs (D)
  A shadow (D)
  3 redbacks (D)
  A spatial vortex (D)
  A swamp drake (D)
  2 orc warriors (D)
  2 centaurs (D)
  An earth elemental (D)
  3 wandering mushrooms (D)
  A necrophage (D)
  A water elemental (D)
  A jelly (D)
  3 orc priests (D)
  Jessica (D)
  A necromancer (D)
  An orc wizard (D)
  3 humans (D)
  A kobold demonologist (D)
  A wolf (D)
  7 orcs (D)
  An endoplasm (D)
  A rat (D)
90 creatures vanquished.

Vanquished Creatures (collateral kills)
  Rupert (D)
  Frances (D)
  An orc warrior (D)
  5 orcs (D)
8 creatures vanquished.

Vanquished Creatures (others)
  A wizard (D)
  A bush (D)
  17 plants (D)
19 creatures vanquished.

Grand Total: 117 creatures vanquished

Notes
Turn   | Place    | Note
-------+----------+-------------------------------------------
     0 | D        | mhtbhm the Hill Orc Fighter began the quest for the Orb.
     0 | D        | Reached XP level 1. HP: 19/19 MP: 1/1
    37 | D        | Noticed Jessica
    52 | D        | Killed Jessica
    53 | D        | Reached skill level 5 in Fighting
    53 | D        | Reached skill level 3 in Axes
    53 | D        | Reached XP level 2. HP: 21/29 MP: 2/2
    53 | D        | Reached XP level 3. HP: 27/36 MP: 3/3
   217 | D        | Reached skill level 4 in Axes
   217 | D        | Reached skill level 5 in Armour
   217 | D        | Reached skill level 5 in Shields
   452 | D        | Reached XP level 4. HP: 36/44 MP: 4/4
   506 | D        | Gained mutation: Your body sometimes deteriorates upon
                  | taking damage. [potion of mutation]
   507 | D        | Lost mutation: Your body sometimes deteriorates upon taking
                  | damage. [potion of mutation]
   507 | D        | Gained mutation: You have a pair of small horns on your
                  | head. [potion of mutation]
   507 | D        | Gained mutation: You are clumsy. (Dex -2) [potion of
                  | mutation]
   507 | D        | Gained mutation: Your spells are a little easier to cast,
                  | but a little less powerful. [potion of mutation]
   508 | D        | Lost mutation: You have a pair of small horns on your head.
                  | [potion of mutation]
   508 | D        | Lost mutation: Your spells are a little easier to cast, but
                  | a little less powerful. [potion of mutation]
   508 | D        | Lost mutation: You are clumsy. (Dex -2) [potion of
                  | mutation]
   508 | D        | Gained mutation: You sometimes lose the ability to read
                  | scrolls when taking damage. [potion of mutation]
   508 | D        | Gained mutation: You are frail. (-10% HP) [potion of
                  | mutation]
   508 | D        | Gained mutation: Your movements are slightly less
                  | encumbered by armour. (ER -2) [potion of mutation]
   509 | D        | Noticed a water elemental
   514 | D        | Killed a water elemental
   515 | D        | Reached skill level 6 in Axes
   526 | D        | Found a basalt altar of Yredelemnul.
   526 | D        | Found a shadowy altar of Dithmenos.
   526 | D        | Found a sacrificial altar of Ru.
   526 | D        | Noticed a necrophage
   533 | D        | Killed a necrophage
   534 | D        | Reached skill level 7 in Axes
   534 | D        | Reached skill level 1 in Throwing
   534 | D        | Reached XP level 5. HP: 18/47 MP: 5/5
   729 | D        | Found a hide-covered altar of Uskayaw.
   729 | D        | Found a roughly hewn altar of Beogh.
   729 | D        | Found an iron altar of Okawaru.
   729 | D        | Found a bloodstained altar of Trog.
   729 | D        | Found an ornate altar of the Wu Jian Council.
   729 | D        | Noticed a human
   730 | D        | Noticed a human
   738 | D        | Killed a human
   739 | D        | Reached skill level 9 in Axes
   739 | D        | Reached skill level 1 in Dodging
   739 | D        | Reached skill level 1 in Unarmed Combat
   739 | D        | Reached XP level 6. HP: 30/55 MP: 6/6
   745 | D        | Killed a human
   746 | D        | Reached skill level 10 in Axes
   746 | D        | Reached XP level 7. HP: 28/63 MP: 7/7
   749 | D        | Became a worshipper of Trog the Wrathful
   984 | D        | Found a radiant altar of Vehumet.
   984 | D        | Found a shimmering blue altar of Sif Muna.
   984 | D        | Found an ancient bone altar of Kikubaaqudgha.
   988 | D        | Noticed a smoke demon
   997 | D        | Reached skill level 11 in Axes
  1057 | D        | Found a glowing silver altar of Zin.
  1057 | D        | Found a glowing golden altar of the Shining One.
  1057 | D        | Found a white marble altar of Elyvilon.
  1058 | D        | Noticed a deep elf pyromancer
  1073 | D        | Noticed a fire elemental
  1073 | D        | Noticed a fire elemental
  1073 | D        | Killed a deep elf pyromancer
  1073 | D        | Reached * piety under Trog
  1074 | D        | Reached skill level 10 in Fighting
  1074 | D        | Reached skill level 13 in Axes
  1074 | D        | Reached XP level 8. HP: 45/71 MP: 8/8
  1220 | D        | Noticed a shadow
  1224 | D        | Killed a shadow
  1224 | D        | Reached ** piety under Trog
  1276 | D        | Found a blossoming altar of Fedhas.
  1276 | D        | Found a stormy altar of Qazlal.
  1276 | D        | Found a snail-covered altar of Cheibriados.
  1276 | D        | Found a burning altar of Makhleb.
  1276 | D        | Found a shimmering altar of Xom.
  1277 | D        | Found a hazy altar of Hepliaklqana.
  1277 | D        | Found an opulent altar of Gozag.
  1277 | D        | Found a sparkling altar of Nemelex Xobeh.
  1277 | D        | Found a corrupted altar of Lugonu.
  1277 | D        | Found a viscous altar of Jiyva.
  1289 | D        | Reached skill level 14 in Axes
  1289 | D        | Reached skill level 10 in Armour
  1312 | D        | Noticed Snorg
  1416 | D        | Killed Snorg
  1417 | D        | Reached skill level 16 in Axes
  1417 | D        | Reached XP level 9. HP: 10/80 MP: 9/9
  1799 | D        | Noticed a centaur warrior
  1806 | D        | Reached *** piety under Trog
  1813 | D        | Killed a centaur warrior
  1814 | D        | Reached skill level 17 in Axes
  1814 | D        | Reached skill level 1 in Stealth
  1891 | D        | Killed an unseen horror
  1913 | D        | Noticed a wandering mushroom
  1917 | D        | Noticed a wandering mushroom
  1919 | D        | Noticed a wandering mushroom
  1985 | D        | Reached **** piety under Trog
  1986 | D        | Reached skill level 1 in Evocations
  2052 | D        | Noticed an orc high priest
  2057 | D        | Reached XP level 10. HP: 90/90 MP: 10/10
  2061 | D        | Reached ***** piety under Trog
  2064 | D        | Reached skill level 18 in Axes
  2067 | D        | Received a gift from Trog
  2071 | D        | Noticed a sun demon
  2071 | D        | Found Nism's Antique Armour Emporium.
  2073 | D        | Killed an orc high priest
  2074 | D        | Reached skill level 5 in Dodging
  2074 | D        | Received a gift from Trog
  2201 | D        | Noticed Donald
  2201 | D        | Noticed Frances
  2215 | D        | Noticed a sun demon
  2217 | D        | Killed Frances
  2218 | D        | Reached skill level 19 in Axes
  2218 | D        | Reached skill level 10 in Shields
  2338 | D        | Killed Donald
  2339 | D        | Reached skill level 15 in Fighting
  2392 | D        | Noticed a cane toad
  2392 | D        | Noticed a cane toad
  2397 | D        | Killed a cane toad
  2404 | D        | Killed a cane toad
  2405 | D        | Reached XP level 11. HP: 85/102 MP: 11/11
  2436 | D        | Reached skill level 20 in Axes
  2526 | D        | Received a gift from Trog
  2638 | D        | Noticed a lindwurm
  2644 | D        | Killed a lindwurm
  2647 | D        | Reached ****** piety under Trog
  2659 | D        | Noticed Urug
  2670 | D        | Killed Urug
  2758 | D        | Received a gift from Trog
  2772 | D        | Reached skill level 21 in Axes
  2831 | D        | Noticed Rupert
  2843 | D        | Killed Rupert
  2912 | D        | Noticed a death yak
  2913 | D        | Noticed a death yak
  2915 | D        | Noticed a death yak
  2919 | D        | Killed a death yak
  2923 | D        | Noticed a death yak
  2925 | D        | Killed a death yak
  2930 | D        | Killed a death yak
  2930 | D        | Received a gift from Trog
  2931 | D        | Reached XP level 12. HP: 115/115 MP: 12/12
  2932 | D        | Reached skill level 22 in Axes
  2940 | D        | Killed a death yak
  2941 | D        | Reached skill level 5 in Stealth
  2949 | D        | Noticed an azure jelly
  2949 | D        | Noticed an azure jelly
  3131 | D        | Noticed an azure jelly
  3131 | D        | Noticed an azure jelly
  3155 | D        | Noticed a dire elephant
  3155 | D        | Noticed a dire elephant
  3155 | D        | Noticed Gastronok
  3163 | D        | Killed Gastronok
  3163 | D        | Received a gift from Trog
  3167 | D        | Killed a dire elephant
  3168 | D        | Reached skill level 23 in Axes
  3170 | D        | Killed a dire elephant
  3293 | D        | Received a gift from Trog
  3450 | D        | Found Pecuf's Book Emporium.
  3450 | D        | Found Ganoh's Jewellery Shop.
  3450 | D        | Found Uffeipir's Book Shoppe.
  3450 | D        | Found Weviujeo's Distillery.
  3450 | D        | Found Tokoisom's Weapon Emporium.
  3450 | D        | Found Wahajec's Antique Weapon Shop.
  3450 | D        | Found Kyostelo's Assorted Antiques.
  3450 | D        | Found Tuilio's Book Boutique.
  3451 | D        | Found Hofaafor's Antique Armour Shoppe.
  3451 | D        | Found Ybugauk's Assorted Antiques.
  3451 | D        | Found Buubium's Magic Scroll Emporium.
  3488 | D        | Bought a potion of heal wounds for 50 gold pieces
  3495 | D        | Bought a scroll of blinking for 105 gold pieces
  3495 | D        | Bought a scroll of enchant weapon for 105 gold pieces
  3495 | D        | Bought a scroll of enchant weapon for 105 gold pieces
  3504 | D        | Bought the macabre finger necklace {rN+} for 440 gold
                  | pieces
  3504 | D        | Found the macabre finger necklace {rN+}
  3522 | D        | Bought a scroll of magic mapping for 49 gold pieces
  3522 | D        | Bought a scroll of identify for 28 gold pieces
  3522 | D        | Bought a scroll of identify for 28 gold pieces
  3522 | D        | Bought a scroll of identify for 28 gold pieces
  3534 | D        | Bought a scroll of enchant weapon for 172 gold pieces
  3651 | D        | Received a gift from Trog
  3672 | D        | Identified the ring "Xidghiad" {rF+ rC+ Dex+5 Stlth+}
  3682 | D        | Noticed a centaur warrior
  3689 | D        | Killed a centaur warrior
  3702 | D        | Noticed a fire dragon
  3709 | D        | Killed a fire dragon
  3710 | D        | Reached skill level 24 in Axes
  3726 | D        | Reached XP level 13. HP: 126/126 MP: 13/13
  3740 | D        | Identified the +8 battleaxe of Etanie {vorpal, Fly rF+
                  | Int+4 Dex+3}
  3812 | D        | Noticed a yaktaur captain
  3845 | D        | Killed a yaktaur captain
  3845 | D        | Received a gift from Trog
  3947 | D        | Noticed an iron golem
  3962 | D        | HP: 7/192 [iron golem (18)]
  3964 | D        | Slain by an iron golem

Illustrated notes

Levels and vault maps discovered:
D:        dungeon_sprint_mu [sprint_mu_entry_cave, sprint_mu_temple_rooms,
          sprint_mu_d1_horrors, sprint_mu_d2_genie, sprint_mu_d3_branching,
          sprint_mu_orc_legion, sprint_mu_elf_gauntlet, sprint_mu_hive_nellie,
          sprint_mu_lair_fedhas, sprint_mu_vaults_butterflies,
          sprint_mu_slime_circle, sprint_mu_shoals_kraken,
          sprint_mu_snake_twists, sprint_mu_blade_basic,
          sprint_mu_crypt_fortress, sprint_mu_tomb_spiral,
          sprint_mu_vestibule_basic, sprint_mu_gehenna_hellfire,
          sprint_mu_dis_giant, sprint_mu_tartarus_statrot,
          sprint_mu_cocytus_islands, sprint_mu_zot1]

Skill      XL: |  1  2  3  4  5  6  7  8  9 10 11 12 13 |
---------------+----------------------------------------+-----
Fighting       | 5 6 7 8 9 10 11 12 15 18 20 21 | 21.3
Axes           | 3 4 7 9 10 13 16 17 19 21 24 | 24.8
Armour         | 4 5 6 8 9 11 12 | 12.3
Shields        | 4 5 6 7 8 9 10 12 14 | 14.9
Throwing       | 1 2 3 |  3.7
Dodging        | 1 2 3 4 6 7 9 |  9.8
Unarmed Combat | 1 |  1.9
Stealth        | 1 2 4 5 |  5.8
Evocations     | 1 2 |  2.3

Action                   |  1- 3 |  4- 6 |  7- 9 | 10-12 | 13-15 || total
-------------------------+-------+-------+-------+-------+-------++-------
Melee: Unarmed           |    11 |       |       |       |       ||    11
       War axe           |    23 |    27 |    89 |    13 |       ||   152
       Broad axe         |       |       |       |   199 |    47 ||   246
Throw: Dart              |     3 |       |       |     3 |     1 ||     7
       Throwing net      |     1 |       |       |       |       ||     1
Invok: Berserk           |       |       |     2 |     7 |     1 ||    10
       Brothers in Arms  |       |       |       |     2 |     1 ||     3
Evoke: Box of beasts     |       |       |     2 |     1 |       ||     3
  Use: Potion            |     1 |     6 |       |     2 |     1 ||    10
       Scroll            |       |       |     1 |     6 |       ||     7
 Stab: Sleeping          |       |       |       |     3 |     1 ||     4
       Distracted        |       |       |       |       |     1 ||     1
Armor: Scale mail        |     6 |     7 |     4 |       |       ||    17
       Troll leather arm |       |       |    27 |    38 |     3 ||    68
Dodge: Dodged            |    16 |    10 |    46 |    56 |     9 ||   137
Block: Buckler           |     4 |     5 |    19 |     8 |       ||    36
       Kite shield       |       |       |       |    86 |    23 ||   109
       Reflection        |       |       |       |     1 |       ||     1

Table legend: (Time is in decaauts)
 A = Elapsed time spent in this place.
 B = Non-inter-level travel time spent in this place.
 C = Inter-level travel time spent in this place.
 D = Time resting spent in this place.
 E = Time spent auto-exploring this place.
 F = Levels seen in this place.
 G = Mean time per level.
                   A        B        C        D        E       F      G
               +--------+--------+--------+--------+--------+-----+--------+
         Total |   3982 |   3975 |      7 |   2393 |     20 |   1 | 3982.0 |
       Dungeon |   3982 |   3975 |      7 |   2393 |     20 |   1 | 3982.0 |
               +--------+--------+--------+--------+--------+-----+--------+

Top non-repeatable levels by time:
       D: 3982 daAuts
